 Dungeon Crawl Stone Soup version 0.29-a0-1016-g236c7fd91e (webtiles) character file.

Game seed: 10851449069753429015

4 drpainis the Sneak (level 1, -11/9 HPs)
             Began as a Spriggan Enchanter on Aug 10, 2022.
             Mangled by a gnoll
             ... wielding a +0 flail
              (12 damage)
             ... on level 1 of the Dungeon.
             The game lasted 00:00:19 (348 turns).

drpainis the Sneak (Spriggan Enchanter)              Turns: 348, Time: 00:00:20

Health: -11/9      AC:  2    Str:  4    XL:     1   Next: 58%
Magic:  5/5        EV: 17    Int: 16    God:
Gold:   19         SH:  0    Dex: 15    Spells: 6/6 levels left

rFire   . . .      SeeInvis +   a - +1 dagger
rCold   . . .      Faith    .   (no shield)
rNeg    . . .      Spirit   .   b - +0 robe
rPois   .          Reflect  .   (helmet restricted)
rElec   .          Harm     .   (no cloak)
rCorr   .          Rampage  .   (gloves unavailable)
Will    .....                   (boots unavailable)
Stlth   +++.......              (no amulet)
HPRegen 0.03/turn               (no ring)
MPRegen 0.09/turn               (no ring)

@: very quick
A: very small, no large weapons, unfitting armour, see invisible, speed 3
a: no special abilities


You were on level 1 of the Dungeon.
You visited 1 branch of the dungeon, and saw 1 of its levels.

You collected 19 gold pieces.

Inventory:

Hand Weapons
 a - a +1 dagger (weapon)
Armour
 b - a +0 robe (worn)
Scrolls
 d - a scroll of identify {unknown}
 e - a scroll of teleportation {unknown}
Potions
 c - 2 potions of invisibility
 f - a potion of attraction {unknown}


   Skills:
 + Level 1.1 Short Blades
 + Level 2.8 Dodging
 + Level 4.4 Stealth
 + Level 3.0 Spellcasting
 + Level 3.7 Hexes


You had 6 spell levels left.
You didn't know any spells.
Your spell library contained the following spells:

 Spells                   Type           Power      Damage    Failure   Level
 Confusing Touch          Hex            14%        N/A       12%         3
 Tukima's Dance           Hex            14%        N/A       12%         3
 Ensorcelled Hibernation  Hex/Ice        16%        N/A       13%         2
 Dazzling Flash           Conj/Hex       16%        N/A       26%         3


Dungeon Overview and Level Annotations

Branches:
Dungeon (1/15)

Altars:


Innate Abilities, Weirdness & Mutations

You are very small and have problems with some larger weapons.
You are too small for most types of armour.
You have supernaturally acute eyesight. (SInv)
You cover ground extremely quickly. (Speed+++)


Message History

You see here 7 stones.
A bat comes into view.
A bat is nearby!
A bat is nearby!
A bat is nearby!
A bat is nearby!
A gnoll comes into view. It is wielding a +0 flail.
The gnoll shouts!
The bat misses you.
You barely miss the bat. The bat hits you.
You hit the gnoll.
The gnoll is lightly wounded.
The bat misses you. The gnoll completely misses you.
You hit the gnoll but do no damage.
The gnoll is lightly wounded.
The bat closely misses you. The gnoll closely misses you.
You hit the gnoll but do no damage.
The gnoll is lightly wounded.
The bat misses you. The gnoll closely misses you.
You hit the gnoll.
The gnoll is heavily wounded.
The bat hits you but does no damage. The gnoll misses you.
You hit the gnoll.
The gnoll is heavily wounded.
The bat closely misses you.
You hit the gnoll.
The gnoll is heavily wounded.
The bat completely misses you. The gnoll hits you with a +0 flail!
Ouch! That really hurt!
* * * LOW HITPOINT WARNING * * *
You barely miss the gnoll.
The gnoll is heavily wounded.
The bat completely misses you. The gnoll closely misses you.
You hit the gnoll.
The gnoll is almost dead.
The bat completely misses you. The gnoll misses you.
The bat hits you but does no damage. The gnoll hits you with a +0 flail!
Ouch! That really hurt!
You die...

###.#####.............##...'8.8'.
#.####.......##..........##.###
#......##....###########..#.#
##.#.#.......## ##.#+#
#...#..##..## #...#
#.....####..####### #####
#.#.(###..........# .
#.##..............#
#...#..###...@......#
..........#..b.g.....#
#..###.##.#...##....## ... #.
#.......###... #. ###.###.... .#
.. #.# #### . .. ..# ... #.## #.


You could see a gnoll and a bat.

Vanquished Creatures
  A bat (D:1)
  2 goblins (D:1)
  A frilled lizard (D:1)
4 creatures vanquished.

Notes
Turn   | Place    | Note
-------+----------+-------------------------------------------
     0 | D:1      | drpainis the Spriggan Enchanter began the quest for the
                  | Orb.
     0 | D:1      | Reached XP level 1. HP: 9/9 MP: 5/5
   348 | D:1      | Mangled by a gnoll

Illustrated notes

Levels and vault maps discovered:
D:1:      wander_arrival_chamber, layout_rooms

Skill      XL: |  1 |
---------------+----+-----
Spellcasting   | 3 |  3.0
Short Blades   | |  1.1
Dodging        | |  2.8
Stealth        | |  4.4
Hexes          | |  3.7

Action                   || total
-------------------------++-------
Melee: Dagger            ||    27
Armor: Robe              ||    10
Dodge: Dodged            ||    45

Table legend: (Time is in decaauts)
 A = Elapsed time spent in this place.
 B = Non-inter-level travel time spent in this place.
 C = Inter-level travel time spent in this place.
 D = Time resting spent in this place.
 E = Time spent auto-exploring this place.
 F = Levels seen in this place.
 G = Mean time per level.
                   A        B        C        D        E       F      G
               +--------+--------+--------+--------+--------+-----+--------+
         Total |    294 |    294 |      0 |      0 |    242 |   1 |  294.0 |
       Dungeon |    294 |    294 |      0 |      0 |    242 |   1 |  294.0 |
               +--------+--------+--------+--------+--------+-----+--------+

Top non-repeatable levels by time:
     D:1: 294 daAuts
